Map: Lerilak Crest

Players

Grumm - Winner!

  • Race: Terran Terran
  • League: Gold

Atrus

  • Race: Protoss Protoss
  • League: Gold

VOD

Have the link to the VOD?

Description

Time

  • Played on: Feb. 8, 2016, 7 p.m.
  • Length: 16:23
Show
View Real Time Build Order
Export as new Build Order

Grumm Terran - Winner!

Build Orders: Liberator Opening 

Get SALT Encoding   

  12  0:01  SCV  
  13  0:13  SCV  
  14  0:25  SCV  
  14  0:26  Supply Depot  
  15  0:30  Refinery  
  15  0:47  SCV  
  15  0:48  Barracks  
  16  0:57  Supply Depot  
  16  1:00  SCV  
  17  1:13  SCV  
  18  1:25  Refinery  
  18  1:27  SCV  
  19  1:39  Factory, SCV  
  20  1:51  SCV  
  22  2:01  Marine  
  22  2:03  SCV  
  23  2:15  SCV  
  23  2:17  Supply Depot  
  24  2:33  Starport, Widow Mine  
  24  2:36  SCV  
  27  2:49  SCV  
  28  2:58  Liberator  
  28  3:00  Command Center  
  27  3:13  SCV  
  31  3:20  Engineering Bay  
  31  3:30  Orbital Command  
  31  3:38  Widow Mine  
  33  3:54  Missile Turret  
  33  3:59  Hi-Sec Auto Tracking  
  33  4:11  Medivac  
  35  4:36  Planetary Fortress  
  35  4:38  Missile Turret  
  35  4:39  Marine  
  35  4:42  Refinery  
  36  4:46  Refinery  
  36  4:48  Hellion  
  36  4:51  Medivac  
  40  4:56  Marine  
  41  5:14  Marine  
  41  5:20  Factory Tech Lab  
  42  5:22  Starport Tech Lab  
  42  5:30  Barracks  
  42  5:33  Barracks Reactor  
  42  5:34  Barracks  
  42  5:54  SCV  
  42  5:56  SCV  
  44  6:06  SCV  
  44  6:08  SCV  
  46  6:12  Banshee  
  51  6:18  SCV  
  51  6:20  SCV  
  51  6:21  Siege Tank  
  51  6:25  Supply Depot  
  54  6:29  Supply Depot  
  54  6:31  Supply Depot  
  54  6:42  Sensor Tower  
  56  6:47  SCV x2  
  51  7:23  Siege Tank  
  51  7:26  Marine x4  
  58  7:30  Supply Depot  
  58  7:32  Supply Depot  
  58  7:43  Marine  
  58  7:44  Marine x3  
  62  7:55  Siege Tank  
  65  7:58  Liberator  
  65  8:01  Marine  
  66  8:10  SCV x2  
  68  8:16  Command Center  
  68  8:18  Cloaking Field  
  63  8:45  Liberator  
  66  9:03  Marine  
  66  9:04  Marine x3  
  66  9:06  Siege Tank  
  73  9:21  Marine x3  
  73  9:22  Marine  
  70  9:28  Liberator  
  64  9:38  Siege Tank  
  67  9:39  Marine x3  
  73  9:51  SCV x2  
  75  9:55  Barracks Tech Lab  
  75  9:57  Barracks Tech Lab  
  75  10:03  Armory, SCV x2  
  77  10:14  Starport  
  77  10:15  SCV  
  77  10:17  Fusion Core  
  77  10:18  Starport  
  77  10:19  Supply Depot  
  78  10:23  SCV  
  78  10:25  Planetary Fortress  
  78  10:28  SCV  
  80  10:35  SCV  
  81  10:40  SCV  
  82  10:47  SCV  
  83  11:21  Medivac  
  83  11:24  Terran Vehicle And Ship Armor Level 1  
  85  11:29  Supply Depot  
  85  11:31  Terran Infantry Weapons Level 1  
  85  11:35  Marauder, Marine  
  85  11:36  Marauder, Marine  
  85  11:39  Stimpack  
  91  11:40  Concussive Shells  
  91  11:48  SCV  
  91  11:51  Medivac  
  91  11:52  Supply Depot  
  91  11:53  Marine x2  
  96  11:57  Marauder x2  
  96  12:00  SCV  
  101  12:06  Starport Tech Lab x2  
  101  12:07  Refinery, Behemoth Reactor  
  101  12:10  Refinery, Missile Turret  
  101  12:11  Marine x2  
  101  12:13  SCV x2  
  101  12:14  SCV  
  106  12:18  Marauder x2  
  106  12:22  Combat Shields  
  110  12:25  SCV  
  110  12:26  SCV x2  
  110  12:29  Marine  
  114  12:31  Missile Turret  
  114  12:39  Battlecruiser x2, Sensor Tower  
  126  12:59  Sensor Tower  
  126  13:03  Battlecruiser  
  132  13:07  Supply Depot  
  132  13:29  Supply Depot, Thor  
  138  13:34  Command Center  
  138  13:41  Supply Depot  
  138  13:46  Terran Infantry Armor Level 1  
  138  13:52  Supply Depot  
  138  14:32  Battlecruiser x3  
  156  15:03  Refinery  
  156  15:06  Refinery  
  108  16:04  Marine x4  
Show
View Real Time Build Order
Export as new Build Order

Atrus Protoss 

Build Orders: Blink Stalkers 

Get SALT Encoding   

  12  0:02  Probe (Chrono Boost)  
  13  0:19  Pylon  
  13  0:20  Probe (Chrono Boost)  
  14  0:31  Probe (Chrono Boost)  
  15  0:41  Probe (Chrono Boost)  
  16  0:45  Gateway  
  16  0:52  Probe (Chrono Boost)  
  16  0:56  Assimilator  
  17  1:02  Probe (Chrono Boost)  
  18  1:13  Probe (Chrono Boost)  
  18  1:17  Gateway  
  19  1:23  Probe (Chrono Boost)  
  20  1:27  Assimilator  
  20  1:34  Cybernetics Core  
  20  1:39  Pylon  
  20  1:40  Probe (Chrono Boost)  
  21  1:51  Probe (Chrono Boost)  
  22  1:57  Zealot (Chrono Boost)  
  22  2:01  Pylon  
  24  2:11  Warp Gate (Chrono Boost)  
  24  2:17  Pylon  
  24  2:23  Mothership Core  
  26  2:35  Stalker (Chrono Boost)  
  28  2:44  Pylon  
  28  2:46  Gateway, Probe  
  29  2:54  Stalker  
  31  3:07  Twilight Council  
  31  3:15  Stalker  
  33  3:31  Gateway  
  33  3:42  Gateway  
  33  3:45  Blink (Chrono Boost)  
  33  4:08  Sentry  
  35  4:19  Robotics Facility  
  35  4:26  Stalker  
  35  4:28  Forge  
  35  4:30  Pylon  
  37  4:36  Probe  
  38  4:40  Stalker  
  40  4:54  Stalker  
  40  4:55  Stalker  
  44  5:10  Immortal (Chrono Boost)  
  47  5:21  Stalker  
  49  5:33  Stalker  
  49  5:34  Zealot  
  53  6:18  Stalker x3  
  57  6:19  Stalker x2  
  63  6:27  Pylon  
  60  6:54  Observer (Chrono Boost)  
  60  6:57  Stalker  
  60  6:58  Zealot x2  
  66  7:13  Immortal (Chrono Boost)  
  62  7:38  Stalker  
  62  7:41  Nexus  
  62  7:42  Sentry  
  66  7:45  Pylon  
  66  7:52  Stalker  
  68  8:00  Observer (Chrono Boost)  
  69  8:18  Observer (Chrono Boost)  
  35  8:34  Stalker x2  
  35  8:35  Stalker  
  35  8:36  Zealot x2  
  41  9:00  Stalker x2  
  45  9:12  Stalker  
  42  9:33  Stalker x2  
  42  9:35  Probe  
  42  9:36  Probe  
  48  9:50  Probe  
  48  9:51  Assimilator, Probe  
  50  10:03  Probe  
  51  10:07  Templar Archives  
  51  10:10  Protoss Ground Weapons Level 1 (Chrono Boost)  
  51  10:23  Stalker  
  51  10:24  Zealot  
  55  10:40  Stalker  
  55  10:41  Pylon  
  55  10:42  Probe  
  58  10:46  Probe  
  58  10:47  Assimilator  
  59  11:08  Psionic Storm  
  59  11:12  Robotics Bay  
  59  11:19  Probe  
  60  11:38  High Templar  
  62  11:44  Zealot x4  
  70  11:49  Probe  
  70  11:51  Probe  
  72  12:00  Probe  
  72  12:03  Probe  
  74  12:10  Probe  
  75  12:18  Colossus (Chrono Boost)  
  81  12:27  High Templar  
  83  12:31  Archon  
  83  12:33  High Templar  
  85  12:55  Stalker  
  87  13:02  High Templar  
  87  13:03  Nexus  
  89  13:06  High Templar  
  89  13:10  Archon  
  91  13:15  Stalker x2  
  91  13:19  Probe  
  96  13:31  High Templar  
  98  13:54  Pylon  
  98  13:55  Probe  
  99  14:00  High Templar  
  101  14:07  Assimilator  
  101  14:12  Assimilator  
  101  14:13  Colossus (Chrono Boost)  
  107  14:18  High Templar  
  107  14:22  Archon  
  109  14:31  Stalker x2  
  109  14:32  Zealot  
  109  14:33  Zealot  
  117  14:52  Stalker x2  
  119  14:53  Stalker  
  97  15:25  Stalker  
  97  15:26  Stalker x2  
  63  15:44  Stalker  
  63  15:45  Stalker  
  58  15:55  Stalker  
  58  15:56  Archon  
  40  16:06  Stalker  
Tags
 
Add a new tag
Caveats
  • Supply blocks, unpowered buildings, or Contaminate may cause inaccurate times.
  • Supply counts are checked every 10 seconds.